 Dungeon Crawl Stone Soup version 0.27-a0-295-ge1136d6ca4 (webtiles) character file.

Game seed: 14918977139265619060

98603 ReteAZ the Fighter (level 16, -4/127 HPs)
             Began as a Gnoll Wanderer on Feb 10, 2021.
             Was the Champion of the Shining One.
             Slain by a naga warrior
             ... wielding a +2 long sword of electrocution
              (5 damage)
             ... on level 1 of the Snake Pit.
             The game lasted 01:04:39 (25644 turns).

ReteAZ the Fighter (Gnoll Wanderer)                Turns: 25644, Time: 01:04:39

Health: -4/127     AC: 18    Str: 22    XL:     16   Next: 22%
Magic:  24/39      EV: 10    Int: 18    God:    the Shining One [******]
Gold:   2615       SH: 14    Dex: 15    Spells: 28/36 levels left

rFire    + . .     SeeInvis .   L - +8 spear of the Crushing Asp {speed, rPois Int+2}
rCold    + . .     Faith    .   J - +1 kite shield
rNeg     + + +     Spirit   .   F - +1 chain mail {Will+}
rPois    +         Reflect  .   p - +1 helmet {Int+3}
rElec    .         Harm     .   d - scarf {rC+ rF+}
rCorr    .         Rampage  .   t - +0 pair of gloves of the Amoeba {Regen+ MP+9 Str+5 Stlth+}
Will     +++..                  w - +0 pair of boots {Fly}
Stlth    +.........             f - amulet of regeneration
HPRegen  1.11/turn              P - ring of Erhontit {Wiz +Inv rN+ Str+3}
MPRegen  0.26/turn              M - ring of willpower

@: lethally poisoned (-4 -> -4), flying, glowing, constricted
A: distributed training, fangs 1, strong nose
a: Stop Flying, Renounce Religion, Evoke Invisibility, Divine Shield, Cleansing
Flame, Summon Divine Warrior, Brand Weapon With Holy Wrath


You were on level 1 of the Snake Pit.
You worshipped the Shining One.
The Shining One was exalted by your worship.
You visited 4 branches of the dungeon, and saw 21 of its levels.
You also visited: Sewer, Bailey, Gauntlet and Ice Cave.

You collected 2870 gold pieces.
You spent 255 gold pieces at shops.

Inventory:

Hand Weapons
 k - the +9 whip "Yma Inlya" {antimagic, *Slow +Fly Str+3}
   (You found it on level 4 of the Lair of Beasts)

   It reduces the magical energy of the wielder, and disrupts the spells and
   magical abilities of those hit.
   Natural abilities and divine invocations are not affected.
   It affects your strength (+3).
   It lets you fly.
   It may slow you when you take damage.
 x - a +1 demon trident of venom
 I - the +4 war axe of Harmony {vorpal, Int+2}
   (You found it on level 5 of the Dungeon)

   It inflicts extra damage upon your enemies.
   It affects your intelligence (+2).
 L - the +8 spear of the Crushing Asp (weapon) {speed, rPois Int+2}
   (You found it on level 2 of the Orcish Mines)

   Attacks with this weapon are significantly faster.
   It affects your intelligence (+2).
   It protects you from poison.
 X - the +7 Singing Sword {vorpal, sonic wave}
   (You found it in a Gauntlet)

   It inflicts extra damage upon your enemies.
Missiles
 e - 438 stones (quivered)
 h - 4 boomerangs of dispersal
 i - 83 poisoned darts
 K - 13 curare-tipped darts
 W - 20 javelins
Armour
 d - a scarf of resistance (worn)
 p - a +1 helmet of intelligence (worn)
 r - +0 steam dragon scales
 t - the +0 pair of gloves of the Amoeba (worn) {Regen+ MP+9 Str+5 Stlth+}
   (You found it on level 2 of the Lair of Beasts)

   It affects your strength (+5).
   It affects your magic capacity (+9).
   It increases your rate of regeneration.
   It makes you more stealthy.
 w - a +0 pair of boots of flying (worn)
 F - a +1 chain mail of willpower (worn)
 G - a +0 plate armour
 J - a +1 kite shield (worn)
 U - a +2 robe of the Archmagi
Jewellery
 f - an amulet of regeneration (around neck)
 B - an uncursed amulet of magic regeneration
 M - a ring of willpower (right hand)
 P - the ring of Erhontit (left hand) {Wiz +Inv rN+ Str+3}
   (You found it on level 6 of the Dungeon)

   [ring of wizardry]

   It improves your spell success rate.
   It affects your strength (+3).
   It protects you from negative energy.
   It lets you turn invisible.
Wands
 a - a wand of acid (29)
 E - a wand of flame (75)
 H - a wand of mindburst (19)
 O - a wand of polymorph (4)
 Q - a wand of paralysis (20)
Scrolls
 g - a scroll of brand weapon
 j - 4 scrolls of amnesia
 l - 3 scrolls of enchant armour
 m - 4 scrolls of enchant weapon
 n - 8 scrolls of remove curse
 o - 8 scrolls of identify
 v - 6 scrolls of teleportation
 N - a scroll of torment {unknown}
 S - 4 scrolls of immolation
 T - a scroll of silence {unknown}
 V - a scroll of magic mapping
 Z - a scroll of fog
Potions
 b - a potion of berserk rage
 c - 12 potions of curing
 q - a potion of attraction {unknown}
 s - a potion of resistance
 u - 7 potions of flight
 z - 3 potions of heal wounds
 A - 5 potions of haste
 C - 6 potions of brilliance
 D - 3 potions of might
 R - 8 potions of magic
 Y - 2 potions of lignification
Miscellaneous
 y - a tin of tremorstones (2/2)


   Skills:
 + Level 12.2 Fighting
 + Level 10.6 Short Blades
 + Level 10.6 Long Blades
 + Level 10.6 Axes
 + Level 10.6 Maces & Flails
 + Level 10.6 Polearms
 + Level 10.6 Staves
 + Level 10.6 Slings
 + Level 10.6 Bows
 + Level 10.6 Crossbows
 + Level 10.6 Throwing
 + Level 10.6 Armour
 + Level 10.9 Dodging
 + Level 10.9 Stealth
 + Level 11.5 Shields
 + Level 10.6 Unarmed Combat
 + Level 10.6 Spellcasting
 + Level 9.0 Conjurations
 + Level 9.0 Hexes
 + Level 9.0 Summonings
 + Level 9.3 Necromancy
 + Level 9.0 Translocations
 + Level 9.0 Transmutations
 + Level 9.0 Fire Magic
 + Level 9.0 Ice Magic
 + Level 9.0 Air Magic
 + Level 9.8 Earth Magic
 + Level 9.0 Poison Magic
 + Level 11.5 Invocations
 + Level 10.6 Evocations


You had 28 spell levels left.
You knew the following spells:

 Your Spells              Type           Power        Failure   Level
a - Sandblast             Erth           90%          1%          1
b - Stone Arrow           Conj/Erth      86%          1%          3
c - Summon Lightning Spi  Summ/Air       42%          7%          4

Your spell library contained the following spells:

 Spells                   Type           Power        Failure   Level
 Animate Skeleton         Necr           86%          1%          1
 Apportation              Tloc           84%          1%          1
 Corona                   Hex            46%          1%          1
 Magic Dart               Conj           100%         1%          1
 Summon Small Mammal      Summ           100%         1%          1
 Blink                    Tloc           N/A          1%          2
 Call Imp                 Summ           42%          1%          2
 Passwall                 Tmut/Erth      35%          1%          2
 Slow                     Hex            42%          1%          2
 Confusing Touch          Hex            42%          1%          3
 Conjure Flame            Conj/Fire      42%          1%          3
 Gell's Gravitas          Tloc           21%          1%          3
 Mephitic Cloud           Conj/Pois/Air  42%          1%          3
 Portal Projectile        Hex/Tloc       84%          1%          3
 Animate Armour           Summ/Erth      86%          6%          4
 Leda's Liquefaction      Hex/Erth       21%          6%          4
 Petrify                  Tmut/Erth      43%          6%          4
 Cause Fear               Hex            21%          7%          4
 Lee's Rapid Deconstruct  Erth           22%          13%         5
 Bolt of Magma            Conj/Fire/Erth 21%          16%         5
 Iskenderun's Battlesphe  Conj           42%          19%         5
 Metabolic Englaciation   Hex/Ice        21%          19%         5
 Silence                  Hex/Air        21%          19%         5
 Yara's Violent Unravell  Hex/Tmut       21%          19%         5
 Iron Shot                Conj/Erth      21%          61%         6
 Statue Form              Tmut/Erth      28%          61%         6
 Conjure Ball Lightning   Conj/Air       21%          67%         6
 Orb of Destruction       Conj           21%          99%         7
 Spellforged Servitor     Conj/Summ      21%          99%         7
 Discord                  Hex            21%          100%        8
 Shatter                  Erth           22%          100%        9
 Tornado                  Air            21%          100%        9


Dungeon Overview and Level Annotations

Branches:
Dungeon (12/15)            Temple (0/1) D:6            Lair (6/6) D:11
 Shoals (0/4) Lair:3        Snake (1/4) Lair:4        Slime (0/5) Lair:6
    Orc (2/2) D:9             Elf (0/3) Orc:2         Sewer (visited)
 Bailey (visited)           IceCv (visited)         Gauntlet (visited)

Altars:
Dithmenos
Fedhas
Hepliaklqana
Kikubaaqudgha
Makhleb
Nemelex Xobeh
Qazlal
Sif Muna
The Shining One
Beogh
Jiyva

Shops:
D:8 (   D:10 =   Orc:2 :**?*

Portals:
Hell: Lair:6
Abyss: Snake:1

Annotations:
Lair:4 1 exclusion
Lair:6 exclusion: 3 oklob plants
Snake:1 2 transporters, Muedoud's ghost, adept KoBe


Innate Abilities, Weirdness & Mutations

Your experience applies equally to all skills.
You have very sharp teeth.
Your uncanny sense of smell can sniff out nearby items.


Message History

You hit the shock serpent. Your bite misses the shock serpent.
The shock serpent is almost dead.
You hit the shock serpent.
The shock serpent is almost dead.
You feel sick. You block the shock serpent's attack.
You hit the shock serpent but do no damage.
The shock serpent is almost dead.
You block the naga warrior's attack. The naga warrior grabs you.
* * * LOW HITPOINT WARNING * * *
The naga warrior constricts you.
You puncture the shock serpent!
You kill the shock serpent!
You feel better. The naga warrior spits poison at you.
The splash of poison hits you.
You are poisoned.
You resist.
* * * LOW HITPOINT WARNING * * *
The naga warrior constricts you.
You hit the naga warrior but do no damage.
The naga warrior is moderately wounded.
You feel sick.
The naga warrior hits you with a +2 long sword of electrocution!
* * * LOW HITPOINT WARNING * * *
x2 The naga warrior constricts you.
Your chain mail prevents you from hitting the naga warrior.
You bite the naga warrior, but do no damage.
The naga warrior is moderately wounded.
You hit the naga warrior.
The naga warrior is moderately wounded.
Aiming: Corrosive Bolt
Press: ? - help, Shift-Dir - straight line, f/p - naga warrior
Aim: a naga warrior, wielding a +2 long sword of electrocution (moderately wounded, constricting you, catching its breath, haloed, 17% to evade)
The bolt of acid hits the naga warrior!!
The naga warrior is splashed with acid.
The acid corrodes the naga warrior!
The naga warrior is severely wounded.
You feel sick.
The naga warrior hits you with a +2 long sword of electrocution!!
* * * LOW HITPOINT WARNING * * *
You die...

∆ .. #.# #.# ##.########
#.........# #.........#
#.........# .#
#########........N#...##
................@.'.....
#######.#.........#...##
#....#.........# ##
#.##.#.....^...#
#.##.#.........#
####.##.#.........#
......#.#.........#
#######.#.........# ####
#.###########


You could see a naga warrior (corroded).

Vanquished Creatures
  Rupert (Orc:2)
  2 orc warlords (Orc:2)
  The ghost of temitten the Brawler, a journeyman TrMo (Lair:6)
  An entropy weaver (Gauntlet)
  A minotaur (Gauntlet)
  2 dire elephants (Lair:6)
  2 boulder beetles (Lair:4)
  2 naga warriors (Snake:1)
  7 hydras
  3 two-headed ogres
  A naga sharpshooter (Snake:1)
  Urug (Orc:1)
  2 orc high priests
  3 death yaks
  2 shock serpents (Snake:1)
  A sun demon (Lair:6)
  An unseen horror (D:12)
  6 sea snakes (Snake:1)
  A wizard (Lair:6)
  A deep elf pyromancer (D:10)
  5 orc knights
  6 orc sorcerers (Orc:2)
  A cyclops (D:11)
  2 wolf spiders
  2 salamanders (Snake:1)
  4 oklob plants
  3 ugly things
  29 elephants
  9 black mambas
  2 ice statues (IceCv)
  An orange demon (Lair:6)
  A smoke demon (Lair:6)
  14 cane toads
  4 rime drakes
  A gargoyle (D:10)
  2 kobold demonologists (D:8)
  An ice devil (Lair:6)
  15 komodo dragons
  2 polar bears (Lair:6)
  5 trolls
  3 red devils (Lair:6)
  A hornet (D:9)
  2 jumping spiders
  15 blink frogs
  5 slime creatures (D:12)
  A redback (Lair:4)
  Sigmund (D:6)
  61 yaks
  2 fire bats (Gauntlet)
  A tarantella (Lair:4)
  3 wyverns
  Eustachio (D:6)
  3 basilisks
  A steam dragon (D:9)
  11 wargs
  8 nagas
  17 water moccasins
  5 hell hounds
  45 orc warriors
  11 ice beasts
  2 sky beasts
  An eye of draining (D:9)
  2 necrophages
  7 wolves
  9 ogres
  9 centaurs
  A phantom (D:7)
  2 kobold brigands
  29 bullfrogs
  2 gnoll sergeants
  2 scorpions
  3 killer bees (D:7)
  8 howler monkeys
  A nameless horror (Lair:2)
  17 wights
  3 electric eels
  A bullfrog zombie (D:5)
  A centaur zombie (D:9)
  18 orc priests
  4 hounds
  4 jellies
  A centaur skeleton (D:9)
  Crazy Yiuf (D:6)
  3 bullfrog skeletons
  A hell rat (Lair:2)
  Ijyb (D:4)
  2 iguanas
  45 orc wizards
  10 worker ants
  A killer bee zombie (D:8)
  2 hound zombies (D:5)
  3 hound skeletons
  A howler monkey zombie (D:8)
  3 worker ant zombies
  Robin (D:2)
  12 gnolls
  14 adders
  4 river rats (D:6)
  8 shadow imps
  2 white imps (D:9)
  2 ufetubi
  An ooze (D:4)
  2 worms
  2 dart slugs
  4 leopard geckos
  122 orcs
  6 ball pythons
  9 giant cockroaches
  17 goblins
  14 hobgoblins
  9 jackals
  A quokka (D:10)
  6 bats
  12 frilled lizards
  A jackal zombie (D:6)
  40 kobolds
  A leopard gecko skeleton (D:6)
  A quokka skeleton (D:4)
  11 rats
  A bush (Lair:4)
850 creatures vanquished.

Vanquished Creatures (collateral kills)
  Nessos (Lair:4)
  2 hydras (Lair:6)
  A hell hog (Gauntlet)
  A cane toad (Lair:3)
  A jumping spider (Gauntlet)
  A blink frog (Lair:3)
  A fire bat (Gauntlet)
  2 water moccasins
  2 orcs (Orc:2)
12 creatures vanquished.

Vanquished Creatures (others)
  An orc wizard (D:5)
  An orc (Orc:2)
  A kobold (D:10)
  14 demonic plants (Gauntlet)
  68 fungi
  213 plants
298 creatures vanquished.

Grand Total: 1160 creatures vanquished

Notes
Turn   | Place    | Note
-------+----------+-------------------------------------------
     0 | D:1      | ReteAZ the Gnoll Wanderer began the quest for the Orb.
     0 | D:1      | ReteAZ set off with the following items: a +0 dagger, a
                  | potion of curing, a +0 robe; and the following spells
                  | available to memorise: Sandblast, Passwall, Apportation,
                  | Stone Arrow, Portal Projectile, Petrify, Lee's Rapid
                  | Deconstruction
     0 | D:1      | Reached XP level 1. HP: 23/23 MP: 1/1
   267 | D:1      | Reached XP level 2. HP: 29/29 MP: 2/2
   913 | D:2      | Reached XP level 3. HP: 22/35 MP: 3/3
  1031 | D:2      | Reached skill level 1 in Invocations
  1167 | D:2      | Found an ancient bone altar of Kikubaaqudgha.
  1175 | D:2      | Reached skill level 1 in Short Blades
  1175 | D:2      | Reached skill level 1 in Long Blades
  1175 | D:2      | Reached skill level 1 in Axes
  1175 | D:2      | Reached skill level 1 in Maces & Flails
  1175 | D:2      | Reached skill level 1 in Polearms
  1175 | D:2      | Reached skill level 1 in Staves
  1175 | D:2      | Reached skill level 1 in Slings
  1175 | D:2      | Reached skill level 1 in Bows
  1175 | D:2      | Reached skill level 1 in Crossbows
  1175 | D:2      | Reached skill level 1 in Throwing
  1175 | D:2      | Reached skill level 1 in Armour
  1175 | D:2      | Reached skill level 1 in Unarmed Combat
  1175 | D:2      | Reached skill level 1 in Spellcasting
  1175 | D:2      | Reached skill level 1 in Evocations
  1195 | D:2      | Reached XP level 4. HP: 39/41 MP: 5/5
  1211 | D:2      | Noticed Robin
  1229 | D:2      | Killed Robin
  1824 | D:3      | Reached skill level 1 in Conjurations
  1824 | D:3      | Reached skill level 1 in Hexes
  1824 | D:3      | Reached skill level 1 in Summonings
  1824 | D:3      | Reached skill level 1 in Translocations
  1824 | D:3      | Reached skill level 1 in Transmutations
  1824 | D:3      | Reached skill level 1 in Fire Magic
  1824 | D:3      | Reached skill level 1 in Ice Magic
  1824 | D:3      | Reached skill level 1 in Air Magic
  1824 | D:3      | Reached skill level 1 in Poison Magic
  2162 | D:3      | Reached XP level 5. HP: 42/47 MP: 6/6
  2848 | D:4      | Reached XP level 6. HP: 41/53 MP: 8/8
  2894 | D:4      | Noticed a necrophage
  3128 | D:4      | Reached skill level 5 in Shields
  3443 | D:4      | Found a shadowy altar of Dithmenos.
  3513 | D:4      | Killed a necrophage
  3514 | D:4      | Reached XP level 7. HP: 53/59 MP: 10/10
  3680 | D:5      | Entered Level 5 of the Dungeon
  3685 | D:5      | Reached skill level 7 in Fighting
  3788 | D:5      | Noticed Ijyb
  3799 | D:4      | Killed Ijyb
  3868 | D:5      | Got a masterwork war axe
  3869 | D:5      | Identified the +4 war axe of Harmony {vorpal, Int+2} (You
                  | found it on level 5 of the Dungeon)
  4036 | D:5      | Reached XP level 8. HP: 53/67 MP: 10/12
  4462 | D:6      | Found a glowing golden altar of the Shining One.
  4524 | D:6      | Became a worshipper of the Shining One
  4708 | D:6      | Found a staircase to the Ecumenical Temple.
  4806 | D:6      | Found a stormy altar of Qazlal.
  4865 | D:6      | Found a runed translucent door.
  4866 | D:6      | Noticed Crazy Yiuf
  4873 | D:6      | Killed Crazy Yiuf
  4898 | D:6      | Noticed Sigmund
  4905 | D:6      | Noticed Eustachio
  4910 | D:6      | Killed Eustachio
  4913 | D:6      | Killed Sigmund
  4919 | D:6      | Got a pitted pewter ring
  4946 | D:6      | Reached skill level 5 in Earth Magic
  4946 | D:6      | Reached XP level 9. HP: 73/73 MP: 14/14
  4964 | D:6      | Found a glowing drain.
  4980 | Sewer    | Entered a sewer
  4982 | Sewer    | Identified the ring of Erhontit {Wiz +Inv rN+ Str+3} (You
                  | found it on level 6 of the Dungeon)
  6212 | D:7      | Found a flagged portal.
  6229 | Bailey   | Entered a bailey
  6244 | Bailey   | Noticed an orc knight
  6463 | Bailey   | Learned a level 1 spell: Sandblast
  6467 | Bailey   | Learned a level 3 spell: Stone Arrow
  6597 | Bailey   | Noticed an orc knight
  6755 | Bailey   | Reached skill level 5 in Dodging
  7156 | Bailey   | Reached skill level 5 in Stealth
  7277 | Bailey   | Reached skill level 8 in Fighting
  7510 | Bailey   | Killed an orc knight
  7511 | Bailey   | Reached skill level 5 in Invocations
  8060 | D:7      | Reached XP level 10. HP: 80/80 MP: 17/17
  8084 | D:7      | Reached * piety under the Shining One
  8096 | D:7      | Reached skill level 5 in Short Blades
  8096 | D:7      | Reached skill level 5 in Long Blades
  8096 | D:7      | Reached skill level 5 in Axes
  8096 | D:7      | Reached skill level 5 in Maces & Flails
  8096 | D:7      | Reached skill level 5 in Polearms
  8096 | D:7      | Reached skill level 5 in Staves
  8096 | D:7      | Reached skill level 5 in Slings
  8096 | D:7      | Reached skill level 5 in Bows
  8096 | D:7      | Reached skill level 5 in Crossbows
  8096 | D:7      | Reached skill level 5 in Throwing
  8096 | D:7      | Reached skill level 5 in Armour
  8096 | D:7      | Reached skill level 5 in Unarmed Combat
  8096 | D:7      | Reached skill level 5 in Spellcasting
  8096 | D:7      | Reached skill level 5 in Evocations
  8363 | D:7      | Found a burning altar of Makhleb.
  8582 | D:7      | Found a blossoming altar of Fedhas.
  8894 | D:7      | Found a hazy altar of Hepliaklqana.
  8906 | D:7      | Found a glowing golden altar of the Shining One.
  8997 | D:8      | Found a transporter.
  8997 | D:8      | Noticed a kobold demonologist
  8998 | D:8      | Reached ** piety under the Shining One
  9015 | D:8      | Noticed a kobold demonologist
  9024 | D:8      | Found a transporter.
  9191 | D:8      | Noticed a two-headed ogre
  9200 | D:8      | Killed a two-headed ogre
  9201 | D:8      | Reached skill level 5 in Necromancy
  9314 | D:8      | HP: 3/82 [acid (13)]
  9445 | D:8      | Found Korip's Antique Weapon Emporium.
  9526 | D:8      | Noticed a two-headed ogre
  9533 | D:8      | Killed a two-headed ogre
  9722 | D:9      | Reached *** piety under the Shining One
  9821 | D:9      | Reached XP level 11. HP: 63/87 MP: 19/19
  9832 | D:9      | Reached skill level 9 in Fighting
  9923 | D:9      | Reached skill level 5 in Conjurations
  9923 | D:9      | Reached skill level 5 in Hexes
  9923 | D:9      | Reached skill level 5 in Summonings
  9923 | D:9      | Reached skill level 5 in Translocations
  9923 | D:9      | Reached skill level 5 in Transmutations
  9923 | D:9      | Reached skill level 5 in Fire Magic
  9923 | D:9      | Reached skill level 5 in Ice Magic
  9923 | D:9      | Reached skill level 5 in Air Magic
  9923 | D:9      | Reached skill level 5 in Poison Magic
 10316 | D:9      | Found a shimmering blue altar of Sif Muna.
 10603 | D:9      | Found a staircase to the Orcish Mines.
 10611 | D:9      | Reached **** piety under the Shining One
 10819 | D:9      | Found a sparkling altar of Nemelex Xobeh.
 11042 | D:10     | Entered Level 10 of the Dungeon
 11112 | D:10     | Noticed a deep elf pyromancer
 11127 | D:10     | Killed a deep elf pyromancer
 11269 | D:10     | Found a stormy altar of Qazlal.
 11882 | D:10     | Found Quxoar's Jewellery Boutique.
 12045 | D:11     | Found a gate leading to a gauntlet.
 12050 | Gauntlet | Entered a Gauntlet
 12050 | Gauntlet | Found a transporter.
 12059 | Gauntlet | Found a transporter.
 12060 | Gauntlet | Noticed a cyan ugly thing
 12062 | Gauntlet | Noticed an entropy weaver
 12063 | Gauntlet | Noticed a cyan ugly thing
 12074 | Gauntlet | Found a runed translucent door.
 12077 | Gauntlet | Found a transporter.
 12079 | Gauntlet | Found a transporter.
 12091 | Gauntlet | Noticed a hell hog
 12093 | Gauntlet | Found a transporter.
 12108 | Gauntlet | Found a runed translucent door.
 12109 | Gauntlet | Found a transporter.
 12112 | Gauntlet | Found a transporter.
 12113 | Gauntlet | Noticed a blizzard demon
 12113 | Gauntlet | Reached ***** piety under the Shining One
 12116 | Gauntlet | Found a transporter.
 12120 | Gauntlet | Found a runed translucent door.
 12139 | Gauntlet | Found a transporter.
 12139 | Gauntlet | Noticed an obsidian statue
 12147 | Gauntlet | Found a transporter.
 12147 | Gauntlet | Found a transporter.
 12149 | Gauntlet | Found a runed translucent gate.
 12149 | Gauntlet | Found a runed translucent gate.
 12149 | Gauntlet | Noticed a wretched star
 12150 | Gauntlet | Found a runed translucent gate.
 12155 | Gauntlet | Found a transporter.
 12271 | Gauntlet | Noticed a great orb of eyes
 12307 | Gauntlet | Learned a level 4 spell: Summon Lightning Spire
 12334 | Gauntlet | Killed an entropy weaver
 12472 | Gauntlet | Killed a hell hog
 12473 | Gauntlet | Reached XP level 12. HP: 73/96 MP: 19/22
 12515 | Gauntlet | Noticed a minotaur
 12524 | Gauntlet | Found the +7 Singing Sword {vorpal, sonic wave}
 12536 | Gauntlet | Killed a minotaur
 12819 | D:11     | Found a staircase to the Lair.
 12926 | D:11     | You are sucked into a shaft and drop 1 floor!
 13142 | D:11     | Noticed a two-headed ogre
 13148 | D:11     | Killed a two-headed ogre
 13537 | D:12     | Reached skill level 10 in Fighting
 13984 | Lair:1   | Entered Level 1 of the Lair of Beasts
 14293 | Lair:1   | Reached XP level 13. HP: 103/103 MP: 24/24
 15006 | Lair:2   | Got a pair of pitted gloves
 15017 | Lair:2   | Identified the cursed +0 pair of gloves of the Amoeba
                  | {Regen+ MP+9 Str+5 Stlth+} (You found it on level 2 of the
                  | Lair of Beasts)
 16652 | Lair:3   | Found a staircase to the Shoals.
 17113 | Lair:3   | Reached XP level 14. HP: 111/111 MP: 26/26
 17197 | Lair:4   | Found a staircase to the Snake Pit.
 17207 | Lair:4   | Reached skill level 10 in Shields
 17213 | Lair:4   | Reached skill level 11 in Fighting
 17288 | Lair:4   | Found a runed translucent door.
 17347 | Lair:4   | Got a shimmering whip
 17348 | Lair:4   | Identified the +9 whip "Yma Inlya" {antimagic, *Slow +Fly
                  | Str+3} (You found it on level 4 of the Lair of Beasts)
 17465 | Lair:4   | Reached skill level 10 in Invocations
 17806 | Lair:4   | Noticed Nessos
 18014 | Lair:4   | Killed Nessos
 18446 | Lair:4   | Got a smoking scale mail
 18457 | Lair:4   | Identified the cursed +0 scale mail "Raguceur" {Dex+4} (You
                  | found it on level 4 of the Lair of Beasts)
 18879 | Lair:5   | Reached ****** piety under the Shining One
 19516 | Lair:6   | Entered Level 6 of the Lair of Beasts
 19602 | Lair:6   | Reached skill level 10 in Dodging
 19603 | Lair:6   | Noticed a dire elephant
 19828 | Lair:6   | Found a viscous altar of Jiyva.
 19828 | Lair:6   | Found a staircase to the Slime Pits.
 19900 | Lair:6   | Reached skill level 10 in Stealth
 19910 | Lair:6   | Reached XP level 15. HP: 108/119 MP: 13/28
 20711 | Lair:6   | Found a runed translucent gate.
 20711 | Lair:6   | Found a runed translucent gate.
 21189 | Lair:6   | Found a burning altar of Makhleb.
 21277 | Lair:6   | Found a gateway to Hell.
 21532 | Lair:6   | Found a runed translucent gate.
 21540 | Lair:6   | Noticed temitten's ghost (journeyman TrMo)
 21596 | Lair:6   | Reached skill level 10 in Short Blades
 21596 | Lair:6   | Reached skill level 10 in Long Blades
 21596 | Lair:6   | Reached skill level 10 in Axes
 21596 | Lair:6   | Reached skill level 10 in Maces & Flails
 21596 | Lair:6   | Reached skill level 10 in Polearms
 21596 | Lair:6   | Reached skill level 10 in Staves
 21596 | Lair:6   | Reached skill level 10 in Slings
 21596 | Lair:6   | Reached skill level 10 in Bows
 21596 | Lair:6   | Reached skill level 10 in Crossbows
 21596 | Lair:6   | Reached skill level 10 in Throwing
 21596 | Lair:6   | Reached skill level 10 in Armour
 21596 | Lair:6   | Reached skill level 10 in Unarmed Combat
 21596 | Lair:6   | Reached skill level 10 in Spellcasting
 21596 | Lair:6   | Reached skill level 10 in Evocations
 21596 | Lair:6   | Killed temitten's ghost
 22265 | Orc:1    | Entered Level 1 of the Orcish Mines
 22442 | Orc:2    | Entered Level 2 of the Orcish Mines
 22464 | Orc:2    | Found a frozen archway.
 22473 | IceCv    | Entered an ice cave
 22474 | IceCv    | Found a transporter.
 22536 | IceCv    | Found a transporter.
 22825 | Orc:2    | Found a burning altar of Makhleb.
 22845 | Orc:2    | Found Josupsut's Book Boutique.
 22914 | Orc:2    | Found a staircase to the Elven Halls.
 22953 | Orc:2    | Noticed an orc warlord
 22963 | Orc:2    | Killed an orc warlord
 23020 | Orc:2    | Noticed an orc warlord
 23037 | Orc:2    | HP: 3/120 [orc warrior/+0 long sword of holy wrath[an orc
                  | warlord] (14)]
 23079 | Orc:2    | Killed an orc warlord
 23248 | Orc:2    | Found Pexzeupo's Magic Scroll Emporium.
 23248 | Orc:2    | Found Koreog's General Store.
 23270 | Orc:2    | Reached skill level 12 in Fighting
 23277 | Orc:2    | Found a roughly hewn altar of Beogh.
 23285 | Orc:2    | Noticed Rupert
 23297 | Orc:2    | Killed Rupert
 23300 | Orc:2    | Found Xuuhes's General Store.
 23300 | Orc:2    | Found Feman's Assorted Antiques.
 23315 | Orc:2    | Bought a runed helmet for 255 gold pieces
 23709 | Orc:2    | Got a masterwork spear
 23710 | Orc:2    | Identified the +8 spear of the Crushing Asp {speed, rPois
                  | Int+2} (You found it on level 2 of the Orcish Mines)
 24117 | Orc:1    | Noticed Urug
 24127 | Orc:1    | Killed Urug
 24289 | Orc:1    | Found a roughly hewn altar of Beogh.
 24318 | Orc:1    | Reached XP level 16. HP: 101/127 MP: 30/30
 24703 | Snake:1  | Entered Level 1 of the Snake Pit
 25196 | Snake:1  | Noticed a daeva
 25223 | Snake:1  | Noticed Muedoud's ghost (adept KoBe)
 25239 | Snake:1  | Found a transporter.
 25251 | Snake:1  | Identified the +1 mace of Luxury {distort, *Rage Will+++
                  | Str+4 Int+3}
 25251 | Snake:1  | Noticed a nagaraja
 25255 | Snake:1  | Found a transporter.
 25261 | Snake:1  | Found a one-way gate to the infinite horrors of the Abyss.
 25644 | Snake:1  | HP: 1/127 [naga warrior/+2 long sword of electrocution
                  | (20)]
 25644 | Snake:1  | Slain by a naga warrior

Illustrated notes

Levels and vault maps discovered:
D:1:      scummos_arrival_checkerplants, layout_loops_ring, minmay_hexomino_f4
D:2:      layout_loops_ring, old_standard_altar, uniq_robin
D:3:      minmay_chambers_of_threes, layout_basic
D:4:      layout_rooms, old_standard_altar
D:5:      layout_rooms, uniq_ijyb
D:6:      layout_loops_ring, kennysheep_mini, minmay_temple_entry_glassed_door,
          portal_sewer_entry_c, hangedman_abyss_or_decor_passed,
          hangedman_decor_slide_cut, corexii_corridor_pit, tso_metal_star,
          uniq_eustachio, uniq_crazy_yiuf_cottage, uniq_sigmund
D:7:      minmay_the_grid_triangle_9x9_rhombus_thin
          [minmay_the_grid_triangle_9x9_shrine,
          minmay_the_grid_triangle_9x9_prize_schism,
          minmay_the_grid_triangle_9x9_flanged_cone,
          minmay_the_grid_triangle_9x9_descending_squares], layout_cave_pools,
          amethyst_overflow_temple_binary, lemuel_coloured_pillars_altar,
          enter_bailey_1, kennysheep_potato
D:8:      gammafunk_wand_slinger, layout_basic, serial_shops,
          nicolae_shop_crystal
D:9:      layout_irregular_city, overflow_temple_1_default,
          nemelex_xobeh_ov_fountains_minmay, erik_orc_3,
          amcnicky_mini_rare_corridor_liquid
D:10:     layout_grid_maze, basic_altar, serial_shops, shop
D:11:     layout_loops_cross, dpeg_oklobed_lair, gauntlet_entry_generic
D:12:     layout_rooms
Lair:1:   layout_loops_ring, serial_bayou_ford_a, grunt_megastairs_5,
          serial_bayou_shore_b
Lair:2:   wad_woods_structure_01, layout_regular_city
Lair:3:   layout_hall_layers, minmay_shoals_entry_centaurs,
          minmay_shattered_shrine, grunt_megastairs_4
Lair:4:   gammafunk_indiana_jones, layout_concentric_octagons,
          guppyfry_snake_entry_island, infiniplex_staircase_pool, uniq_nessos
Lair:5:   layout_cave_pods
Lair:6:   evil_forest, layout_misc_corridors, slime_altar_1,
          gammafunk_ghost_split, chequers_serial_rivers_micro_c, dpeg_oklob_1,
          serial_bayou_shore_b, serial_bayou_shore_b
Snake:1:  layout_basic, gammafunk_ghost_abyssal_escape, serial_bayou_lake_a,
          serial_bayou_shore_b
Orc:1:    layout_caves, basic_altar, uniq_urug
Orc:2:    st_orc_town, layout_diamond_mine, serial_shops, shop,
          portal_ice_cave_entry_pillars_1, basic_altar, minmay_orc_treasury,
          uniq_rupert

Skill      XL: |  1  2  3  4  5  6  7  8  9 10 11 12 13 14 15 16 |
---------------+-------------------------------------------------+-----
Necromancy     | 2 3 4 5 6 7 8 9 |  9.3
Invocations    | 1 2 3 4 5 6 7 8 9 10 11 | 11.5
Short Blades   | 1 2 3 4 5 6 7 8 9 10 | 10.6
Long Blades    | 1 2 3 4 5 6 7 8 9 10 | 10.6
Axes           | 1 2 3 4 5 6 7 8 9 10 | 10.6
Maces & Flails | 1 2 3 4 5 6 7 8 9 10 | 10.6
Polearms       | 1 2 3 4 5 6 7 8 9 10 | 10.6
Staves         | 1 2 3 4 5 6 7 8 9 10 | 10.6
Slings         | 1 2 3 4 5 6 7 8 9 10 | 10.6
Bows           | 1 2 3 4 5 6 7 8 9 10 | 10.6
Crossbows      | 1 2 3 4 5 6 7 8 9 10 | 10.6
Throwing       | 1 2 3 4 5 6 7 8 9 10 | 10.6
Armour         | 1 2 3 4 5 6 7 8 9 10 | 10.6
Unarmed Combat | 1 2 3 4 5 6 7 8 9 10 | 10.6
Spellcasting   | 1 2 3 4 5 6 7 8 9 10 | 10.6
Evocations     | 1 2 3 4 5 6 7 8 9 10 | 10.6
Conjurations   | 1 2 3 4 5 6 7 8 9 |  9.0
Hexes          | 1 2 3 4 5 6 7 8 9 |  9.0
Summonings     | 1 2 3 4 5 6 7 8 9 |  9.0
Translocations | 1 2 3 4 5 6 7 8 9 |  9.0
Transmutations | 1 2 3 4 5 6 7 8 9 |  9.0
Fire Magic     | 1 2 3 4 5 6 7 8 9 |  9.0
Ice Magic      | 1 2 3 4 5 6 7 8 9 |  9.0
Air Magic      | 1 2 3 4 5 6 7 8 9 |  9.0
Poison Magic   | 1 2 3 4 5 6 7 8 9 |  9.0
Dodging        | 3 4 5 6 7 8 9 10 | 10.9
Earth Magic    | 4 5 6 7 8 9 |  9.8
Stealth        | 3 4 5 6 7 8 9 10 | 10.9
Shields        | 5 6 7 8 9 10 11 | 11.5
Fighting       | 7 8 9 10 11 12 | 12.2

Action                   |  1- 3 |  4- 6 |  7- 9 | 10-12 | 13-15 | 16-18 || total
-------------------------+-------+-------+-------+-------+-------+-------++-------
Melee: Dagger            |    23 |       |       |       |       |       ||    23
       Hand axe          |   110 |    79 |       |       |       |       ||   189
       Bite              |     7 |    25 |    17 |    47 |    75 |    26 ||   197
       Short sword       |       |   206 |       |       |       |       ||   206
       Punch             |       |     8 |       |       |       |       ||     8
       War axe           |       |    20 |   256 |   353 |    27 |       ||   656
       Double sword      |       |       |       |    86 |   571 |    23 ||   680
       Spear             |       |       |       |       |    21 |   178 ||   199
Throw: Dart              |       |     8 |    12 |     5 |       |       ||    25
       Stone             |       |       |   105 |       |       |       ||   105
 Cast: Sandblast         |       |       |    74 |     3 |    15 |       ||    92
       Stone Arrow       |       |       |    19 |     8 |   124 |     6 ||   157
       Summon Lightning  |       |       |       |     7 |    29 |     1 ||    37
 Abil: Evoke Flight      |       |       |    10 |       |       |       ||    10
Evoke: Wand              |       |       |       |     3 |     6 |     1 ||    10
  Use: Scroll            |       |       |    11 |    14 |     7 |       ||    32
       Potion            |       |       |       |     5 |     2 |     1 ||     8
Armor: Ring mail         |     8 |       |       |       |       |       ||     8
       Robe              |     5 |       |     1 |       |       |       ||     6
       Scale mail        |    37 |   137 |    40 |    61 |       |       ||   275
       Plate armour      |       |       |   140 |       |       |       ||   140
       Steam dragon scal |       |       |       |    38 |   110 |       ||   148
       Chain mail        |       |       |       |       |    31 |    17 ||    48
Dodge: Dodged            |    83 |   176 |   116 |   224 |   381 |    34 ||  1014
Block: Kite shield       |       |       |   165 |   274 |   449 |    68 ||   956
       Rpst.: Double sword |       |       |       |    11 |    85 |     2 ||    98

Table legend: (Time is in decaauts)
 A = Elapsed time spent in this place.
 B = Non-inter-level travel time spent in this place.
 C = Inter-level travel time spent in this place.
 D = Time resting spent in this place.
 E = Time spent auto-exploring this place.
 F = Levels seen in this place.
 G = Mean time per level.
                   A        B        C        D        E       F      G
               +--------+--------+--------+--------+--------+-----+--------+
         Total |  26159 |  24468 |   1691 |   3158 |  13900 |  25 | 1046.4 |
       Dungeon |  11816 |  10799 |   1017 |    577 |   7013 |  12 |  984.7 |
          Lair |   8129 |   7584 |    545 |   1250 |   4636 |   6 | 1354.8 |
     Snake Pit |    740 |    740 |      0 |    201 |    352 |   1 |  740.0 |
  Orcish Mines |   2038 |   1909 |    129 |     80 |   1132 |   2 | 1019.0 |
         Sewer |    869 |    869 |      0 |      0 |    618 |   1 |  869.0 |
        Bailey |   1786 |   1786 |      0 |    842 |      0 |   1 | 1786.0 |
      Ice Cave |    193 |    193 |      0 |     88 |      0 |   1 |  193.0 |
      Gauntlet |    583 |    583 |      0 |    120 |    148 |   1 |  583.0 |
               +--------+--------+--------+--------+--------+-----+--------+

Top non-repeatable levels by time:
  Lair:6: 2054 daAuts
  Bailey: 1786 daAuts
     D:9: 1504 daAuts
   Orc:2: 1496 daAuts
  Lair:4: 1430 daAuts
     D:3: 1420 daAuts
  Lair:3: 1297 daAuts
  Lair:2: 1294 daAuts
     D:8: 1128 daAuts
     D:6: 1114 daAuts
  Lair:5: 1085 daAuts
    D:10: 1047 daAuts
     D:7: 1043 daAuts
     D:2: 1001 daAuts
  Lair:1: 967 daAuts
